Map: Graystone Ravine

Players

Sindykat - Winner!

  • Race: Zerg Zerg
  • League: Platinum
  • Spawn Location: 9:00

HunterCocks - Winner!

  • Race: Terran Terran
  • Spawn Location: 11:00

ekektrick

  • Race: Protoss Protoss
  • Spawn Location: 3:00

Gracz

  • Race: Terran Terran
  • League: Bronze
  • Spawn Location: 5:00

VOD

Have the link to the VOD?

Description

Time

  • Played on: May 25, 2016, 2:50 p.m.
  • Length: 16:19
Show
View Real Time Build Order
Export as new Build Order

Sindykat Zerg - Winner!

Build Orders: Hatch First 

Get SALT Encoding   

  12  0:02  Drone  
  13  0:12  Drone  
  14  0:28  Overlord  
  14  0:46  Drone x2  
  14  0:47  Drone  
  17  1:05  Extractor, Drone  
  17  1:09  Hatchery  
  16  1:12  Spawning Pool  
  15  1:18  Drone  
  16  1:25  Drone  
  17  1:40  Drone  
  18  1:59  Zergling x4  
  18  2:00  Queen  
  22  2:04  Metabolic Boost  
  22  2:22  Queen  
  24  2:46  Drone x2  
  24  2:47  Drone x2  
  28  2:51  Roach Warren  
  27  3:07  Extractor  
  27  3:09  Lair  
  27  3:10  Zergling x2  
  27  3:11  Zergling x2  
  27  3:12  Overlord x2  
  28  3:33  Roach x5  
  38  3:43  Drone x3  
  39  4:10  Roach  
  39  4:11  Roach  
  39  4:13  Overlord x2  
  42  4:25  Drone x2  
  42  4:28  Glial Reconstitution  
  44  4:35  Queen  
  46  4:41  Drone x3  
  46  4:42  Drone  
  50  4:46  Ravager  
  51  4:56  Roach  
  51  4:57  Roach x2  
  54  5:17  Roach  
  54  5:18  Roach x2  
  54  5:19  Overlord x2  
  60  5:30  Spine Crawler  
  60  5:32  Spore Crawler  
  58  5:38  Extractor  
  58  5:39  Zergling x4  
  58  5:40  Zergling x8  
  63  5:44  Drone x2  
  63  5:49  Drone  
  66  6:11  Drone  
  66  6:12  Drone x9  
  76  6:27  Overlord x2  
  76  6:45  Drone x2  
  76  6:46  Drone x2, Hatchery  
  76  6:47  Roach  
  81  7:05  Extractor  
  81  7:07  Infestation Pit  
  79  7:10  Drone x2  
  79  7:11  Drone x3  
  79  7:12  Evolution Chamber  
  79  7:13  Evolution Chamber  
  82  7:22  Roach  
  89  7:23  Roach x3  
  89  7:33  Ravager x2  
  89  7:35  Overlord x3  
  89  7:36  Overlord  
  91  7:56  Hive  
  91  7:58  Queen  
  91  8:00  Drone x8  
  91  8:01  Drone  
  102  8:16  Roach  
  102  8:17  Roach x2, Infestor x2  
  112  8:24  Pathogen Glands  
  112  8:27  Zerg Melee Weapons Level 1  
  112  8:29  Zerg Ground Armor Level 1  
  112  8:35  Overseer  
  112  8:39  Pneumatized Carapace  
  109  8:58  Roach  
  109  8:59  Roach x2  
  105  9:09  Ultralisk Cavern  
  104  9:12  Infestor x2  
  104  9:14  Drone  
  104  9:15  Drone x2  
  104  9:16  Extractor  
  110  9:17  Extractor  
  102  10:09  Chitinous Plating  
  102  10:19  Hatchery  
  92  10:26  Roach x3  
  92  10:27  Roach x12  
  92  10:28  Roach x11  
  128  10:38  Zerg Ground Armor Level 2, Zerg Melee Weapons Level 2  
  128  10:42  Overlord  
  128  10:43  Overlord x2  
  128  11:07  Ravager x6  
  134  11:12  Drone x2  
  134  11:13  Drone x2  
  138  11:45  Ultralisk  
  138  11:46  Ultralisk  
  150  11:48  Overlord x4  
  150  12:01  Adrenal Glands  
  156  12:15  Ultralisk  
  156  12:16  Ultralisk  
  156  12:17  Ultralisk x4  
  176  12:40  Ultralisk x2  
  163  12:56  Zerg Ground Armor Level 3  
  163  12:57  Zergling x2  
  163  12:58  Zergling x22  
  167  13:19  Ultralisk x2  
  165  13:20  Ultralisk  
  129  13:57  Zergling x2  
  129  13:58  Zergling x22  
  141  14:03  Queen  
  141  14:08  Extractor x2  
  141  14:09  Drone x4  
  145  14:25  Hatchery  
  144  14:39  Queen, Ultralisk  
  144  14:40  Ultralisk x3  
  144  14:42  Zergling x6  
  144  14:43  Zergling x6  
  144  14:44  Overlord x2  
  144  14:45  Overlord x2  
  174  15:32  Zergling x6  
  174  15:33  Zergling x20  
Show
View Real Time Build Order
Export as new Build Order

HunterCocks Terran - Winner!

Build Orders: MMM Bio 

Get SALT Encoding   

  12  0:02  SCV  
  13  0:14  SCV  
  13  0:20  Supply Depot  
  14  0:26  SCV  
  15  0:29  Refinery  
  15  0:42  Barracks  
  15  0:45  SCV  
  16  0:57  Supply Depot  
  16  1:00  SCV  
  17  1:13  Barracks  
  17  1:17  SCV  
  18  1:29  Barracks Reactor, SCV  
  19  1:41  SCV  
  20  1:47  Engineering Bay  
  20  1:53  SCV  
  21  2:02  Barracks Tech Lab  
  21  2:05  Marine x2  
  21  2:08  Orbital Command  
  23  2:18  Missile Turret  
  23  2:22  Factory  
  23  2:27  Marine  
  23  2:28  Marine  
  25  2:38  SCV  
  25  2:43  Marauder  
  28  2:45  Marine  
  28  2:46  Marine  
  30  2:56  Supply Depot  
  30  2:58  Refinery  
  30  2:59  Stimpack  
  30  3:07  Marine  
  30  3:08  Factory Tech Lab  
  31  3:13  Supply Depot  
  31  3:21  Marauder  
  33  3:28  SCV  
  34  3:40  SCV  
  35  3:43  Command Center  
  35  3:55  Marine x2  
  37  3:57  Marauder  
  39  4:06  Siege Tank  
  42  4:13  Marine x2  
  44  4:19  Supply Depot  
  44  4:27  Marauder  
  46  4:31  Marine  
  47  4:43  Starport  
  47  4:47  Marine  
  47  4:48  Marauder  
  47  4:49  Marine  
  51  5:06  Combat Shields  
  51  5:08  Marine x2  
  51  5:10  Marauder  
  55  5:20  Starport Reactor  
  55  5:22  Starport  
  55  5:26  Marine  
  56  5:33  Siege Tank  
  59  5:38  SCV  
  60  5:45  SCV  
  60  5:49  Marine, Marauder  
  64  5:50  SCV  
  64  5:52  Marine  
  64  5:53  Refinery  
  66  5:57  SCV  
  67  6:18  Medivac  
  69  6:22  Starport Reactor  
  69  6:25  SCV  
  70  6:26  Refinery  
  70  6:44  Supply Depot  
  70  6:46  Supply Depot  
  70  7:06  Medivac, SCV x2  
  74  7:10  Barracks  
  74  7:12  Medivac, Supply Depot  
  74  7:13  Medivac  
  78  7:18  SCV  
  79  7:30  SCV  
  80  7:42  Medivac, SCV  
  80  7:43  Medivac  
  85  7:46  SCV  
  85  7:48  Marine x2, Marauder  
  90  7:54  SCV  
  91  7:59  Barracks  
  89  8:08  Marine, Barracks Reactor  
  89  8:09  Marine  
  89  8:10  Marauder  
  89  8:12  Terran Infantry Weapons Level 1  
  93  8:24  Armory  
  93  8:26  Marine  
  94  8:28  Supply Depot  
  94  8:50  Marine x2, SCV, Marauder  
  99  9:02  SCV  
  100  9:05  Command Center  
  100  9:12  Marauder  
  100  9:13  Supply Depot  
  102  9:20  Barracks Tech Lab  
  102  9:26  Supply Depot  
  102  9:35  Supply Depot, SCV, Marauder  
  103  9:47  SCV  
  101  9:59  SCV  
  102  10:02  Siege Tank  
  102  10:04  Marine x4  
  102  10:05  Marauder x2  
  113  10:10  Supply Depot  
  71  10:22  Marine x2  
  71  10:26  Marauder x2  
  77  10:32  Marine x2  
  77  10:34  Siege Tank  
  82  10:40  Marine x2  
  82  10:41  SCV  
  85  10:47  Marine, Marauder  
  88  10:53  SCV  
  82  11:06  Siege Tank  
  82  11:09  Marauder  
  87  11:14  Refinery  
  87  11:23  Marine x3  
  87  11:24  Marine, Marauder  
  93  11:28  SCV  
  93  11:30  Marauder  
  96  11:32  Refinery  
  96  11:37  Orbital Command  
  96  11:40  SCV  
  96  11:41  Marine x2  
  96  11:45  Marauder  
  101  11:52  SCV, Marauder  
  104  12:06  Marauder  
  106  12:13  Marine, Marauder  
  106  12:14  Marine x3  
  112  12:28  Marauder  
  111  12:31  Marine x2  
  111  12:32  Marine x2  
  111  12:34  Marauder  
  93  12:49  Marine x4, Marauder  
  99  12:56  Marauder  
  97  13:07  Marine x4, SCV  
  97  13:11  Marauder  
  104  13:17  Marauder  
  104  13:19  SCV  
  107  13:25  Marine x4  
  111  13:31  SCV  
  111  13:32  Marauder  
  114  13:38  Marauder  
  116  13:42  Marine  
  117  13:53  Marauder  
  119  13:55  Marine  
  119  13:56  Marine x2  
  119  14:00  Marine, Marauder  
  125  14:13  Marine x2  
  125  14:14  Marine  
  125  14:15  Marauder  
  130  14:18  Marine  
  130  14:21  Command Center, Marauder  
  130  14:22  Siege Tank  
  136  14:31  Marine x2  
  136  14:36  Marauder  
  140  14:43  Marauder  
  142  14:47  Marine x2  
  142  14:49  Marine x2  
  146  14:57  Marauder  
  148  15:04  Marine  
  149  15:17  Engineering Bay, Marauder  
  149  15:19  Marauder  
  126  15:38  Marauder  
  126  15:40  Marauder  
  129  16:00  Marine  
  129  16:01  Marine x3  
Show
View Real Time Build Order
Export as new Build Order

ekektrick Protoss 

Build Orders: Forge Fast Expand (FFE) 

Get SALT Encoding   

  12  0:02  Probe (Chrono Boost)  
  13  0:12  Probe (Chrono Boost)  
  14  0:23  Pylon  
  14  0:24  Probe (Chrono Boost)  
  15  0:41  Probe (Chrono Boost)  
  16  0:43  Forge  
  16  0:52  Probe (Chrono Boost)  
  17  1:20  Probe (Chrono Boost)  
  17  1:21  Nexus  
  18  1:31  Probe (Chrono Boost)  
  19  1:46  Pylon  
  19  1:51  Pylon  
  19  1:55  Probe (Chrono Boost)  
  20  2:05  Assimilator, Probe (Chrono Boost)  
  20  2:07  Gateway  
  21  2:12  Photon Cannon  
  21  2:14  Photon Cannon  
  21  2:27  Photon Cannon  
  21  2:33  Probe (Chrono Boost)  
  21  2:39  Assimilator  
  21  2:43  Probe (Chrono Boost)  
  22  2:53  Pylon  
  22  2:54  Probe (Chrono Boost)  
  22  2:57  Cybernetics Core  
  23  2:59  Zealot  
  23  3:00  Probe (Chrono Boost)  
  26  3:08  Photon Cannon  
  26  3:09  Probe (Chrono Boost)  
  26  3:11  Probe (Chrono Boost)  
  28  3:19  Probe (Chrono Boost)  
  29  3:21  Probe (Chrono Boost)  
  30  3:30  Probe (Chrono Boost)  
  30  3:32  Probe (Chrono Boost)  
  30  3:33  Gateway  
  32  3:38  Gateway  
  32  3:40  Probe (Chrono Boost)  
  33  3:42  Warp Gate (Chrono Boost)  
  33  3:44  Probe (Chrono Boost)  
  34  3:51  Probe (Chrono Boost)  
  34  3:55  Pylon, Probe (Chrono Boost)  
  36  4:02  Mothership Core (Chrono Boost)  
  38  4:15  Probe (Chrono Boost)  
  39  4:20  Probe (Chrono Boost)  
  39  4:21  Adept  
  42  4:27  Probe (Chrono Boost)  
  42  4:31  Probe (Chrono Boost)  
  44  4:37  Probe (Chrono Boost)  
  44  4:38  Robotics Facility  
  45  4:41  Pylon, Probe (Chrono Boost)  
  45  4:44  Pylon  
  46  4:46  Adept x2  
  46  4:47  Probe  
  46  4:48  Pylon  
  51  4:54  Protoss Ground Weapons Level 1  
  51  5:00  Stalker, Probe  
  51  5:02  Probe  
  51  5:04  Assimilator  
  51  5:06  Assimilator  
  55  5:22  Twilight Council  
  55  5:23  Gateway  
  55  5:25  Probe, Gateway  
  55  5:26  Probe  
  55  5:27  Gateway  
  61  5:35  Immortal (Chrono Boost)  
  61  5:38  Probe  
  62  5:47  Sentry x2  
  66  6:18  Robotics Bay  
  66  6:25  Adept x5  
  76  6:33  Resonating Glaives  
  76  6:43  Pylon  
  76  6:46  Pylon  
  76  6:48  Pylon, Protoss Ground Armor Level 1  
  76  6:51  Pylon  
  76  6:54  Forge  
  80  7:02  Immortal (Chrono Boost)  
  80  7:05  Stalker  
  80  7:06  Stalker x5  
  92  7:22  Pylon  
  92  7:26  Pylon  
  92  7:28  Pylon x2  
  90  7:30  Pylon  
  90  7:35  Disruptor (Chrono Boost)  
  93  7:45  Adept x4  
  93  7:46  Adept  
  103  8:06  Disruptor (Chrono Boost)  
  106  8:18  Stalker x2  
  106  8:19  Stalker x4  
  118  8:27  Protoss Ground Weapons Level 2  
  118  8:40  Nexus  
  121  8:41  Disruptor (Chrono Boost)  
  121  8:43  Pylon  
  121  9:17  Pylon  
  121  9:18  Disruptor (Chrono Boost)  
  121  9:20  Pylon  
  121  9:23  Photon Cannon  
  75  10:34  Stalker x6  
  83  10:36  Probe  
  83  10:40  Protoss Ground Armor Level 2  
  83  10:42  Disruptor (Chrono Boost)  
  87  10:46  Probe  
  88  10:57  Probe  
  89  11:07  Probe  
  89  11:11  Stalker x5  
  94  11:12  Stalker  
  94  11:13  Disruptor (Chrono Boost)  
  94  11:14  Probe  
  94  11:16  Probe  
  94  11:18  Probe  
  107  11:25  Probe  
  108  11:28  Probe x2  
  111  11:35  Probe  
  112  11:44  Probe  
  112  11:45  Probe, Immortal (Chrono Boost)  
  118  11:48  Assimilator  
  118  11:50  Adept x6  
  118  11:52  Assimilator  
  130  11:59  Pylon  
  129  12:14  Adept  
  129  12:15  Adept x5  
  133  12:39  Adept x5  
  133  12:40  Adept  
  134  13:03  Stalker x5  
  134  13:04  Stalker  
  146  13:06  Probe  
Show
View Real Time Build Order
Export as new Build Order

Gracz Terran 

Build Orders:  

Get SALT Encoding   

  12  0:05  SCV  
  13  0:20  Supply Depot  
  13  0:30  SCV  
  14  0:39  Refinery  
  14  0:42  SCV  
  15  0:54  SCV  
  16  1:05  Barracks  
  16  1:06  SCV  
  17  1:16  Supply Depot  
  17  1:19  SCV  
  18  1:31  SCV  
  19  1:41  Barracks  
  19  1:42  Barracks  
  19  1:58  Barracks Reactor  
  19  2:28  Barracks Reactor x2  
  19  2:36  Orbital Command  
  19  2:41  Reaper  
  20  2:52  Refinery  
  20  3:08  Reaper  
  20  3:10  Reaper  
  22  3:25  Reaper  
  23  3:46  Reaper x2  
  25  4:28  Reaper x3  
  25  4:29  Reaper x2  
  25  5:33  SCV  
  25  5:34  Command Center  
  26  5:40  Reaper x5  
  26  5:41  Barracks  
  31  5:48  SCV, Reaper  
  33  6:00  SCV  
  34  6:12  Reaper  
  34  6:18  Reaper x4  
  33  6:27  Reaper  
  33  6:31  Barracks Reactor  
  34  6:41  Refinery  
  34  6:55  Refinery  
  34  7:08  Supply Depot  
  33  7:54  Reaper x8  
  41  8:26  Reaper x6  
  47  8:39  Factory  
  47  8:41  Reaper x2  
  45  8:58  Reaper  
  44  9:03  Reaper  
  44  9:04  Reaper x3  
  48  9:15  SCV  
  49  9:27  SCV  
  49  9:30  Marine x2  
  49  9:31  Marine x2  
  54  9:35  Marine  
  54  9:36  Marine  
  56  9:39  SCV  
  49  9:52  SCV  
  38  9:57  Reaper  
  38  9:58  Reaper x7  
  43  10:07  Orbital Command  
  43  10:16  Starport  
  43  10:29  Reaper  
  43  10:30  Reaper x4  
  44  11:08  Starport Tech Lab, Factory Tech Lab  
  44  11:11  Starport  
  44  11:14  Reaper x2  
  44  11:15  Reaper x6  
  52  11:46  Marine x3, Reaper  
  52  11:47  Reaper x3  
  59  11:54  Marine  
  59  11:57  Starport Tech Lab  
  60  12:04  Marine x3  
  63  12:12  Marine  
  63  12:18  Marine x4  
  63  12:22  Marine x3  
  56  12:30  Marine  
  56  12:36  Marine x4  
  58  12:40  Marine  
  49  12:52  Marine x3  
  49  12:53  Marine  
  49  12:54  Marine x3  
  49  12:58  Marine  
  57  13:00  Barracks  
  57  13:09  Marine  
  57  13:10  Marine x2  
  57  13:11  Marine  
  57  13:12  Marine x3  
  64  13:15  Marine, Banshee  
  64  13:16  Banshee  
  64  13:17  Siege Tank  
  74  13:27  Marine  
  74  13:28  Marine x2  
  74  13:29  Marine  
  78  13:44  Supply Depot  
  78  13:50  Barracks Tech Lab  
  78  13:56  Supply Depot  
  78  14:05  Marine x2, Siege Tank, Banshee  
  78  14:08  Supply Depot  
  86  14:11  Marine x5, Banshee  
  94  14:17  Marine  
  94  14:21  Marine  
  94  14:23  Marine x2  
  98  14:29  Marine x5  
  103  14:32  Starport  
  103  14:35  Marine  
  104  14:39  Marine, Supply Depot  
  104  14:41  Marine x2  
  107  14:47  Marine x5  
  107  14:48  Banshee  
  115  14:53  Marine  
  115  14:54  Banshee  
  115  14:57  Marine  
  115  14:59  Marine x2  
  122  15:05  Marine x5  
  127  15:10  Starport  
  127  15:11  Starport Reactor, Marine  
  128  15:15  Marine  
  128  15:16  Marine x2  
  105  15:22  Marine x4  
  105  15:23  Marine  
  53  15:28  Marine  
  53  15:31  Banshee  
  53  15:33  Marine  
  53  15:34  Marine x2  
  53  15:40  Marine x5  
  37  15:46  Marine  
  29  15:51  Marine  
  22  15:59  Starport Tech Lab  
Tags
 
Add a new tag
Caveats
  • Supply blocks, unpowered buildings, or Contaminate may cause inaccurate times.
  • Supply counts are checked every 10 seconds.